 Dungeon Crawl Stone Soup version 0.26-a0-710-g95a0c6c400 (webtiles) character file.

Game seed: 10155901986165338142

73 jiml777 the Magician (level 4, 0/36 HPs)
             Began as a Deep Elf Air Elementalist on Oct 31, 2020.
             Slain by an orc
             ... wielding a +0 dagger
              (3 damage)
             ... on level 3 of the Dungeon.
             The game lasted 00:09:13 (2279 turns).

jiml777 the Magician (Deep Elf Air Elementalist)    Turns: 2279, Time: 00:09:13

Health: 0/36       AC:  2    Str:  2 (5)  XL:     4   Next: 8%
Magic:  11/12      EV: 12    Int: 18 (21) God:
Gold:   97         SH:  0    Dex: 12 (15) Spells: 8/11 levels left

rFire    . . .     SeeInvis .   d - +1 whip (elec)
rCold    . . .     Faith    .   (no shield)
rNeg     . . .     Spirit   .   a - +0 robe
rPois    .         Reflect  .   (no helmet)
rElec    .         Harm     .   (no cloak)
rCorr    .         Rampage  .   (no gloves)
MR       .....                  (no boots)
Stlth    ..........             (no amulet)
HPRegen  0.12/turn              k - ring of flight
MPRegen  0.13/turn              (no ring)

@: brilliant, berserking, lethally poisoned (0 -> -2), very quick
A: no striking features
a: Evoke Flight


You were on level 3 of the Dungeon.
You visited 1 branch of the dungeon, and saw 3 of its levels.

You collected 97 gold pieces.

Inventory:

Hand Weapons
 d - a +1 whip of electrocution (weapon)
Missiles
 f - 40 arrows
Armour
 a - a +0 robe (worn)
Jewellery
 k - a ring of flight (left hand)
Wands
 m - a wand of acid (5)
Scrolls
 b - 3 scrolls of identify
Potions
 l - a potion of heal wounds {unknown}


   Skills:
 + Level 2.5 Dodging
 - Level 3.0 Stealth
 + Level 4.0 Spellcasting
 + Level 2.2 Conjurations
 + Level 3.5 Air Magic
 * Level 0.8 Evocations


You had 8 spell levels left.
You knew the following spells:

 Your Spells              Type           Power        Failure   Level
a - Shock                 Conj/Air       ###.         4%          1
b - Swiftness             Air            ###.....     4%          2

Your spell library contained the following spells:

 Spells                   Type           Power        Failure   Level
 Static Discharge         Conj/Air       ###.....     13%         3
 Airstrike                Air            ###.......   32%         4
 Lightning Bolt           Conj/Air       ###.......   77%         5


Dungeon Overview and Level Annotations

Branches:
Dungeon (3/15)

Altars:


Message History

The zap misses the orc.
The adder bites you.
* * * LOW HITPOINT WARNING * * *
You are poisoned.
The adder poisons you! The adder bites you.
* * * LOW HITPOINT WARNING * * *
It was a potion of degeneration.
There was something very wrong with that liquid.
You feel weakened.
You feel dopey.
You feel clumsy.
* * * LOW HITPOINT WARNING * * *
You feel sick. The adder bites you but does no damage.
It was a potion of brilliance.
You feel clever all of a sudden. The adder closely misses you.
The orc hits you with a +0 dagger.
* * * LOW HITPOINT WARNING * * *
It was a potion of berserk rage.
A red film seems to cover your vision as you go berserk!
You feel yourself moving faster!
You feel mighty!
* * * LOW HITPOINT WARNING * * *
You feel sick. The adder barely misses you. The orc hits you with a +0 dagger.
You die...

.....### ....... .
.....###
..#######........
.........#.....
.........#...# .
........o#...# ...
.......@S....#.....
......##.#<........
............#......
............# .....
...........?# ...o
...#.....#### .o. .
#.....# #. .......
......


You could see an adder and an orc.

Vanquished Creatures
  Jessica (D:2)
  An adder (D:2)
  A worm (D:2)
  A leopard gecko (D:2)
  3 giant cockroaches (D:2)
  2 goblins
  5 hobgoblins
  2 jackals (D:1)
  3 kobolds
  A quokka (D:2)
  4 ball pythons
  6 bats
  A frilled lizard (D:1)
  4 rats (D:2)
35 creatures vanquished.

Notes
Turn   | Place    | Note
-------+----------+-------------------------------------------
     0 | D:1      | jiml777 the Deep Elf Air Elementalist began the quest for
                  | the Orb.
     0 | D:1      | Reached XP level 1. HP: 10/10 MP: 6/6
   763 | D:1      | Reached XP level 2. HP: 15/15 MP: 2/8
   767 | D:1      | Learned a level 2 spell: Swiftness
  1405 | D:2      | Reached XP level 3. HP: 19/19 MP: 7/10
  1835 | D:2      | Noticed Jessica
  1841 | D:2      | Killed Jessica
  1841 | D:2      | Reached skill level 4 in Spellcasting
  1841 | D:2      | Reached XP level 4. HP: 20/24 MP: 8/12
  2279 | D:3      | Slain by an orc

Illustrated notes

Levels and vault maps discovered:
D:1:      matt_arrival_spirals, layout_basic
D:2:      layout_loops_ring, uniq_jessica
D:3:      layout_basic, chequers_mini_garden, minmay_parallelograms,
          minmay_misc_feat_tiny, uniq_grinder

Skill      XL: |  1  2  3 |
---------------+----------+-----
Stealth        | 3 |  3.0
Spellcasting   | 4 |  4.0
Conjurations   | 2 |  2.2
Dodging        | |  2.5
Air Magic      | |  3.5
Evocations     | |  0.8

Action                   |  1- 3 |  4- 6 || total
-------------------------+-------+-------++-------
Melee: Whip              |       |     4 ||     4
 Cast: Shock             |    63 |     9 ||    72
  Use: Scroll            |     3 |       ||     3
       Potion            |     2 |     3 ||     5
Armor: Robe              |       |     3 ||     3
Dodge: Dodged            |     5 |    12 ||    17

Table legend: (Time is in decaauts)
 A = Elapsed time spent in this place.
 B = Non-inter-level travel time spent in this place.
 C = Inter-level travel time spent in this place.
 D = Time resting spent in this place.
 E = Time spent auto-exploring this place.
 F = Levels seen in this place.
 G = Mean time per level.
                   A        B        C        D        E       F      G
               +--------+--------+--------+--------+--------+-----+--------+
         Total |   2277 |   2198 |     79 |    451 |   1465 |   3 |  759.0 |
       Dungeon |   2277 |   2198 |     79 |    451 |   1465 |   3 |  759.0 |
               +--------+--------+--------+--------+--------+-----+--------+

Top non-repeatable levels by time:
     D:2: 1214 daAuts
     D:1: 1045 daAuts
     D:3: 17 daAuts
